 Dungeon Crawl Stone Soup version 0.30.1-4-g462c640d31 (webtiles) character file.

Game seed: 11121186337987867703

13183 growler the Stormcaller (level 12, 0/68 HPs)
             Began as a Tengu Air Elementalist on Sept 2, 2023.
             Was a Believer of Hepliaklqana.
             Slain by a blink frog (8 damage)
             ... on level 1 of the Lair of Beasts on Sept 5, 2023.
             The game lasted 00:51:36 (18097 turns).

growler the Stormcaller (Tengu Air Elementalist)   Turns: 18097, Time: 00:51:39

Health: 0/68       AC:  7    Str:  9    XL:     12   Next: 3%
Magic:  0/22       EV: 14    Int: 21    God:    Hepliaklqana [**....]
Gold:   378        SH:  0    Dex: 14    Spells: 13/23 levels left

rFire   . . .        I - +2 dagger (flame)
rCold   . . .        (no shield)
rNeg    . . .        D - +2 robe {Will+}
rPois   .            (helmet restricted)
rElec   .            p - +2 cloak
rCorr   .            (no gloves)
SInv    .            (boots unavailable)
Will    +....        K - amulet of guardian spirit
Stlth   ++           (no ring)
HPRegen 0.31/turn    (no ring)
MPRegen 0.18/turn

%: guardian spirit
@: flying quickly and evasively, quick
A: reduced essence, beak, talons 3, nimble flight
a: Renounce Religion, Recall Ancestor, Ancestor Identity


You were on level 1 of the Lair of Beasts.
You worshipped Hepliaklqana.
Hepliaklqana was pleased with you.
You visited 3 branches of the dungeon, and saw 13 of its levels.

You collected 654 gold pieces.
You spent 276 gold pieces at shops.

Inventory:

Hand Weapons
 E - a +2 whip of electrocution
 I - a +2 dagger of flaming (weapon)
Missiles
 N - 4 throwing nets
Armour
 p - a +2 cloak (worn)
 q - a +0 troll leather armour {Pargi}
 D - a +2 robe of willpower (worn)
 O - a +0 pair of gloves
Jewellery
 l - the ring "Wola" {rPois rF- rN+ Str+4}
   (You found it on level 2 of the Dungeon)

   [ring of poison resistance]

   Str:       It affects your strength (+4).
   rF:        It makes you vulnerable to fire.
   rPois:     It protects you from poison.
   rN:        It protects you from negative energy.
 K - an amulet of guardian spirit (around neck)
 P - a +5 ring of evasion
 Q - a ring of ice
 S - a ring of fire
Wands
 a - a wand of flame (57)
 t - a wand of mindburst (9)
 w - a wand of paralysis (5)
 B - a wand of polymorph (9)
 G - a wand of iceblast (9)
Scrolls
 c - a scroll of enchant armour {unknown}
 f - 7 scrolls of teleportation
 i - a scroll of torment
 n - a scroll of brand weapon
 r - a scroll of vulnerability {unknown}
 s - a scroll of fog {unknown}
 u - 3 scrolls of amnesia
 x - a scroll of blinking {unknown}
 y - a scroll of silence
 z - a scroll of fear {unknown}
 A - a scroll of magic mapping
 F - 6 scrolls of identify
 L - a scroll of enchant weapon {unknown}
 M - a scroll of poison
 R - a scroll of immolation {unknown}
Potions
 b - 3 potions of magic
 d - a potion of ambrosia
 e - 2 potions of mutation {unknown}
 g - 2 potions of resistance {unknown}
 h - 2 potions of brilliance
 j - 4 potions of lignification
 k - 2 potions of might
 m - 2 potions of invisibility
 o - 2 potions of flight
 v - a potion of heal wounds
 C - 2 potions of curing
 H - 4 potions of attraction {unknown}
 J - 2 potions of berserk rage {unknown}


   Skills:
 + Level 9.4 Fighting
 + Level 7.5 Short Blades
 - Level 2.1 Dodging
 - Level 2.0 Stealth
 - Level 6.0 Spellcasting
 - Level 6.3 Conjurations
 + Level 16.7 Air Magic


You had 13 spell levels left.
You knew the following spells:

 Your Spells              Type           Power      Damage    Failure   Level
a - Shock                 Conj/Air       100%       1d9       1%          1
b - Static Discharge      Conj/Air       100%       2-7/arc   1%          2
c - Swiftness             Air            67%        N/A       1%          3
d - Airstrike             Air            33%        2d(5-21)  1%          4

Your spell library contained the following spells:

 Spells                   Type           Power      Damage    Failure   Level
 Cigotuvi's Dreadful Rot  Necr/Pois/Air  58%        N/A       1%          2
 Slow                     Hex            24%        N/A       10%         1
 Summon Small Mammal      Summ           24%        N/A       10%         1
 Lesser Beckoning         Tloc           12%        N/A       14%         2
 Call Canine Familiar     Summ           6%         N/A       28%         3
 Confusing Touch          Hex            6%         N/A       28%         3
 Gell's Gravitas          Tloc           6%         N/A       28%         3
 Summon Guardian Golem    Hex/Summ       6%         N/A       28%         3
 Teleport Other           Tloc           6%         N/A       28%         3
 Vampiric Draining        Necr           6%         2d6       28%         3
 Anguish                  Hex/Necr       3%         N/A       67%         4
 Cause Fear               Hex            3%         N/A       67%         4
 Dispel Undead            Necr           6%         3d8       67%         4
 Death Channel            Necr           3%         N/A       100%        6
 Enfeeble                 Hex            3%         N/A       100%        7


Dungeon Overview and Level Annotations

Branches:
Dungeon (11/15)            Temple (1/1) D:6            Lair (1/5) D:11
    Orc (0/2) D:10

Altars:
Ashenzari
Cheibriados
Dithmenos
Elyvilon
Fedhas
Gozag
Hepliaklqana
Kikubaaqudgha
Makhleb
Nemelex Xobeh
Okawaru
Qazlal
Sif Muna
Trog
Uskayaw
Vehumet
Wu Jian
Xom
Yredelemnul
Zin

Shops:
D:5 *(?   D:6 ((*=   D:10 =

Annotations:
D:4 2 transporters
D:5 5 runed translucent doors
Temple 2 transporters


Innate Abilities, Weirdness & Mutations

Your life essence is reduced to manifest your ancestor. (-10% HP)
You have a beak for a mouth.
You have claws for feet.
Your magical nature lets you fly swiftly and evasively.


Message History

You closely miss the blink frog. Your kick misses the blink frog.
You peck the blink frog.
The blink frog is almost dead.
The blink frog hits you!
* * * LOW HITPOINT WARNING * * *
The blink frog blinks!
You feel much better.
The blink frog blinks!
The blink frog hits you but does no damage.
The blink frog hits you!
You hit the blink frog. You burn the blink frog.
Your kick misses the blink frog.
The blink frog is almost dead.
The blink frog misses you.
You miss the blink frog. Your kick misses the blink frog.
The blink frog is almost dead.
The blink frog closely misses you.
The blink frog blinks!
The blink frog attacks as you move away!
The blink frog completely misses you. The blink frog hits you.
The blink frog blinks!
Casting: Static Discharge (safe; 1% risk of failure)
Confirm with . or Enter, or press ? or * to list all spells.
Okay, then.
Casting: Static Discharge (safe; 1% risk of failure)
Confirm with . or Enter, or press ? or * to list all spells.
Aiming: Shock (safe; 1% risk of failure)
Press: ? - help, Shift-Dir - straight line The zap misses the blink frog.
The zap hits the blink frog!
You kill the blink frog!
Aiming: Paralyse
Press: ? - help, Shift-Dir - straight line, f - blink frog
Aim: a blink frog (moderately wounded, chance to affect: 31%)
Okay, then.
Aiming: Mindburst
Press: ? - help, Shift-Dir - straight line, f - blink frog
Aim: a blink frog (moderately wounded, chance to affect: 47%)
The blink frog resists with some effort.
The blink frog hits you!
* * * LOW HITPOINT WARNING * * *
The blink frog hits you!
You die...

#.#.##.#..##.##...###.##..##
#.#.#..#.#....#).#........##
#.#.####..#####.#.##.###...#
..#.. ##...#..#.#........##
#.#.#.###.##.##.#..####.#.##
#.#.....÷...#..#....# ##....
..###+###†###....[.. #..##
#...####.##..# .# #@.##
##.#.# #F## #.## #..# ..
#.#.. #.##.# ... ... ... ...
... ... #)... ##.


You could see a blink frog.

Vanquished Creatures
  Harold (D:9)
  Erica (D:9)
  2 two-headed ogres (D:10)
  Joseph (D:10)
  A black mamba (Lair:1)
  Psyche (D:9)
  2 komodo dragons
  3 trolls
  Prince Ribbit (D:9)
  A hornet (D:9)
  8 blink frogs (Lair:1)
  4 wyverns
  10 yaks
  A basilisk (D:11)
  An acid dragon (D:9)
  Duvessa (D:6)
  2 water moccasins
  Pargi (D:2)
  3 ogres
  6 orc warriors
  An ice beast (D:5)
  A black bear (D:6)
  A centaur (D:6)
  4 kobold brigands
  A phantom (D:5)
  A bullfrog (D:7)
  A scorpion (D:3)
  3 gnoll sergeants
  Dowan (D:6)
  5 killer bees (D:7)
  4 howler monkeys
  2 jellies (D:5)
  3 hounds
  5 orc priests
  Crazy Yiuf (D:2)
  Jessica (D:3)
  9 orc wizards
  Ijyb (D:3)
  4 iguanas
  Natasha (thrice) (D:2)
  18 gnolls
  6 adders
  A shadow imp (D:7)
  2 white imps
  An ufetubus (D:6)
  3 worms
  A dart slug (D:2)
  30 orcs
  2 ball pythons (D:3)
  2 endoplasms (D:2)
  2 giant cockroaches (D:3)
  4 goblins
  8 hobgoblins
  8 jackals
  23 kobolds
  6 quokkas
  3 bats
  A frilled lizard (D:2)
  5 rats
229 creatures vanquished.

Vanquished Creatures (collateral kills)
  A komodo dragon (Lair:1)
  A wyvern (D:11)
  3 yaks (D:11)
  An acid dragon (D:11)
  A gnoll (D:11)
7 creatures vanquished.

Vanquished Creatures (others)
  5 ancestors
  2 hexers
7 creatures vanquished.

Grand Total: 243 creatures vanquished

Notes
Turn   | Place    | Note
-------+----------+-------------------------------------------
     0 | D:1      | growler the Tengu Air Elementalist began the quest for the
                  | Orb.
     0 | D:1      | Reached XP level 1. HP: 10/10 MP: 4/4
   422 | D:1      | Reached XP level 2. HP: 15/15 MP: 0/6
   425 | D:1      | Learned a level 2 spell: Static Discharge
   937 | D:2      | Identified the ring "Wola" {rPois rF- rN+ Str+4}
  1139 | D:2      | Reached XP level 3. HP: 19/19 MP: 0/7
  1143 | D:2      | Learned a level 3 spell: Swiftness
  1205 | D:2      | Noticed Natasha
  1210 | D:2      | Killed Natasha
  1245 | D:2      | Noticed Natasha
  1250 | D:2      | Killed Natasha
  1251 | D:2      | Reached XP level 4. HP: 9/24 MP: 2/8
  1605 | D:2      | Noticed Natasha
  1608 | D:2      | Killed Natasha
  1609 | D:2      | Reached skill level 5 in Air Magic
  1734 | D:2      | You fall into a shaft and drop 1 floor!
  1814 | D:2      | Gained mutation: Your magical nature lets you fly swiftly
                  | and evasively. [Tengu growth]
  1814 | D:2      | Reached XP level 5. HP: 20/28 MP: 5/10
  2090 | D:2      | Found a runed translucent door.
  2091 | D:2      | Noticed Crazy Yiuf
  2106 | D:2      | Killed Crazy Yiuf
  2387 | D:3      | Noticed Jessica
  2397 | D:3      | Killed Jessica
  2398 | D:3      | Reached skill level 5 in Conjurations
  2575 | D:3      | Noticed Ijyb
  2577 | D:3      | Noticed Pargi
  2581 | D:3      | Killed Ijyb
  2582 | D:3      | Reached XP level 6. HP: 14/32 MP: 0/11
  2889 | D:2      | Learned a level 4 spell: Airstrike
  3029 | D:2      | Killed Pargi
  3592 | D:3      | Reached skill level 6 in Air Magic
  4230 | D:4      | Reached XP level 7. HP: 36/36 MP: 5/13
  4313 | D:4      | Identified the +5 flail of Nasieny {heavy, Fly Str+3}
  4349 | D:4      | Found a transporter.
  4352 | D:4      | Found a transporter.
  5054 | D:4      | Identified the +3 halberd "Suny" {vamp, rElec rCorr Int+3}
  5185 | D:5      | Entered Level 5 of the Dungeon
  5267 | D:5      | Reached skill level 7 in Air Magic
  5395 | D:5      | Found a runed translucent gate.
  5396 | D:5      | Noticed a redback
  5397 | D:5      | Found a runed translucent gate.
  5397 | D:5      | Found a runed translucent gate.
  5399 | D:5      | Noticed a redback
  5399 | D:5      | Noticed a redback
  5423 | D:5      | Found Juuwaetae's Weapon Shoppe.
  5618 | D:5      | Found Kamyck's Magic Scroll Shoppe.
  5640 | D:5      | Reached skill level 5 in Spellcasting
  5645 | D:5      | Reached XP level 8. HP: 18/41 MP: 0/16
  5909 | D:5      | Found the +9 staff of Olgreb {rPois∞}
  5925 | D:5      | Found a runed translucent door.
  5948 | D:5      | Found a runed translucent door.
  5962 | D:5      | Found Mank's Assorted Antiques.
  6139 | D:5      | Reached skill level 8 in Air Magic
  6265 | D:5      | Found a radiant altar of Vehumet.
  6886 | D:6      | Identified the +1 leather armour "Nohorer" {Int+5 Dex+3}
  6890 | D:6      | Noticed a yak
  6890 | D:6      | Noticed a yak
  6937 | D:5      | Killed a yak
  6938 | D:5      | Reached skill level 9 in Air Magic
  7068 | D:5      | Killed a yak
  7099 | D:6      | Noticed a yak
  7103 | D:6      | Noticed a yak
  7230 | D:5      | Killed a yak
  7231 | D:5      | Reached skill level 10 in Air Magic
  7381 | D:5      | Killed a yak
  7492 | D:6      | Found Vetiol's Jewellery Shoppe.
  7522 | D:6      | Reached XP level 9. HP: 17/45 MP: 13/19
  7672 | D:6      | Reached skill level 11 in Air Magic
  8037 | D:6      | Reached skill level 12 in Air Magic
  8214 | D:6      | Noticed Dowan
  8215 | D:6      | Reached skill level 1 in Fighting
  8336 | D:6      | Killed Dowan
  8502 | D:6      | Found Oshraul's Assorted Antiques.
  8624 | D:6      | Noticed Duvessa
  8631 | D:6      | Killed Duvessa
  8790 | D:6      | Found Vuoj's Antique Weapon Shoppe.
  9247 | D:6      | Found a staircase to the Ecumenical Temple.
  9260 | D:6      | Found Roono's Antique Weapon Emporium.
  9265 | Temple   | Entered the Ecumenical Temple
  9265 | Temple   | Found a transporter.
  9265 | Temple   | Found a transporter.
  9267 | Temple   | Found a transporter.
  9267 | Temple   | Found a transporter.
  9286 | Temple   | Became a worshipper of Hepliaklqana the Forgotten
  9803 | D:7      | Found a broken altar of Ashenzari.
  9812 | D:7      | Found a snail-covered altar of Cheibriados.
 10273 | D:8      | Reached skill level 13 in Air Magic
 11315 | D:7      | Reached skill level 5 in Fighting
 11315 | D:7      | Reached XP level 10. HP: 33/59 MP: 5/20
 11820 | D:5      | Bought a weird glowing staff for 276 gold pieces
 12058 | D:9      | Noticed Harold
 12256 | D:9      | Noticed Psyche
 12260 | D:9      | Killed Psyche
 12261 | D:9      | Reached skill level 14 in Air Magic
 12392 | D:9      | Reached * piety under Hepliaklqana
 12599 | D:9      | Noticed Prince Ribbit
 12608 | D:9      | Killed Prince Ribbit
 12984 | D:9      | Noticed Erica
 13375 | D:9      | Killed Harold
 13522 | D:9      | Killed Erica
 13906 | D:10     | Entered Level 10 of the Dungeon
 13911 | D:10     | Reached skill level 15 in Air Magic
 14073 | D:10     | Noticed a two-headed ogre
 14304 | D:10     | Found Rebosoall's Jewellery Boutique.
 14321 | D:10     | Noticed a two-headed ogre
 14325 | D:10     | Killed a two-headed ogre
 14326 | D:10     | Reached XP level 11. HP: 60/60 MP: 4/21
 14434 | D:10     | Found a staircase to the Orcish Mines.
 14988 | D:10     | Killed a two-headed ogre
 14989 | D:10     | Reached skill level 5 in Short Blades
 15066 | D:10     | Noticed Joseph
 15081 | D:10     | Killed Joseph
 15684 | D:10     | Reached ** piety under Hepliaklqana
 15685 | D:10     | Remembered your ancestor Reggie B. as a hexer
 16192 | D:11     | Found a hide-covered altar of Uskayaw.
 16198 | D:11     | Reached skill level 16 in Air Magic
 17328 | D:11     | Found a staircase to the Lair.
 17408 | Lair:1   | Entered Level 1 of the Lair of Beasts
 18088 | Lair:1   | Reached XP level 12. HP: 26/68 MP: 1/22
 18097 | Lair:1   | Slain by a blink frog

Illustrated notes

Levels and vault maps discovered:
D:1:      dpeg_arrival_tiny_f, layout_loops_cross
D:2:      layout_loops_ring, minmay_pentomino_x4, uniq_crazy_yiuf_cottage,
          uniq_natasha
D:3:      layout_basic, serial_forest, infiniplex_forest_lined_2,
          infiniplex_forest_straight_4, infiniplex_forest_lined_ring,
          infiniplex_forest_straight_4, infiniplex_forest_end_2,
          infiniplex_forest_clump_long, cheibrodos_sewer_entry_drain,
          minmay_misc_feat_cross, uniq_ijyb, uniq_pargi, uniq_jessica
D:4:      layout_loops_corners, gammafunk_ghost_gnarly_gnolls
D:5:      layout_cave_pods, lemuel_round_altar, serial_shops,
          nicolae_shop_crystal, nicolae_shop_peninsula,
          nicolae_shop_advertising_works [nicolae_subvault_shop_adworks],
          minmay_guarded_unrand_staff_of_olgreb
D:6:      layout_basic, minmay_temple_entry_glass, serial_shops, shop,
          nicolae_shop_waterfront, shop, nicolae_shop_just_a_little_nook,
          minmay_puff, uniq_duvessa
D:7:      layout_cave_pools, nicolae_overflow_hidden_temple
D:8:      layout_basic
D:9:      layout_loops_ring, hangedman_decor_peaks_small,
          kennysheep_flooded_box, uniq_erica, uniq_harold, uniq_prince_ribbit1,
          uniq_psyche
D:10:     layout_long_grid, minmay_orc_entry_temple_small, serial_shops,
          nicolae_shop_window_shopping, uniq_joseph
D:11:     layout_rooms, erik_lair_dragon, nicolae_uskayaw_suspiria
Temple:   hellmonk_temple_divided_pantheon
Lair:1:   layout_loops_ring, minmay_shattered_shrine, lemuel_fruit_tree

Skill      XL: |  1  2  3  4  5  6  7  8  9 10 11 |
---------------+----------------------------------+-----
Conjurations   | 2 3 4 5 6 |  6.3
Air Magic      | 5 6 7 10 13 15 16 | 16.7
Spellcasting   | 3 5 6 |  6.0
Fighting       | 5 7 9 |  9.4
Short Blades   | 4 7 |  7.5
Dodging        | |  2.1
Stealth        | |  2.0

Action                     |  1- 3 |  4- 6 |  7- 9 | 10-12 || total
---------------------------+-------+-------+-------+-------++-------
  Melee: Unarmed           |    13 |     8 |    15 |       ||    36
         Peck              |     2 |       |     8 |    15 ||    25
         Kick              |     1 |     1 |     5 |    25 ||    32
         Whip              |       |       |    15 |     3 ||    18
         Punch             |       |       |     1 |       ||     1
         Dagger            |       |       |       |    63 ||    63
   Cast: Shock             |    39 |    77 |    71 |    15 ||   202
         Static Discharge  |     3 |    20 |    26 |    35 ||    84
         Airstrike         |       |     3 |    87 |   118 ||   208
         Swiftness         |       |       |       |     1 ||     1
 Invoke: Ancestor Identity |       |       |       |     1 ||     1
         Recall Ancestor   |       |       |       |     3 ||     3
         Ancestor Life: He |       |       |       |     1 ||     1
  Evoke: Wand              |       |       |     3 |    11 ||    14
    Use: Scroll            |       |       |    11 |     4 ||    15
         Potion            |       |       |       |     1 ||     1
   Stab: Distracted        |       |       |       |     3 ||     3
 Armour: Robe              |     4 |    10 |    23 |    19 ||    56
  Dodge: Dodged            |    17 |    28 |    79 |    73 ||   197
